 Dungeon Crawl Stone Soup version 0.20-a0-251-g16a58bf (console) character file.

197 nht the Ruffian (level 5, -3/50 HPs)
             Began as a Troll Fighter on Nov 30, 2016.
             Engulfed by a cloud of flame (10 damage)
             ... on level 3 of the Dungeon.
             The game lasted 00:03:24 (1334 turns).

nht the Ruffian (Troll Fighter)                     Turns: 1334, Time: 00:03:25

Health: -3/50      AC:  5    Str: 25    XL:     5   Next: 46%
Magic:  4/4        EV:  8    Int:  4    God:
Gold:   150        SH:  8    Dex:  9    Spells: 4/4 levels left

rFire  . . .     SeeInvis .       - Unarmed
rCold  + . .     Gourm    +     a - +0 robe
rNeg   . . .     Faith    .     b - +0 shield
rPois  .         Spirit   .     (helmet restricted)
rElec  .         Reflect  .     (no cloak)
rCorr  .         Harm     .     (gloves unavailable)
MR     .....                    (boots unavailable)
Stlth  +.........               k - amulet of the gourmand (curse)
                                (no ring)
                                t - ring of protection from cold

@: very slightly contaminated
A: unfitting armour, claws 3, fast metabolism 3, gourmand, regeneration 1,
shaggy fur 1, tough skin 2
a: no special abilities


You were on level 3 of the Dungeon.
You were completely stuffed.

You visited 1 branch of the dungeon, and saw 3 of its levels.

You collected 150 gold pieces.

Inventory:

Armour
 a - a +0 robe (worn)
 b - a +0 shield (worn)
Jewellery
 k - a cursed amulet of the gourmand (around neck)
 t - a ring of protection from cold (left claw)
Scrolls
 h - a scroll of identify
Potions
 c - a potion of might
 f - 2 potions of haste {unknown}
 g - a potion of degeneration
 l - a potion of heal wounds {unknown}
 o - 3 potions of agility {unknown}
 p - a potion of curing {unknown}
 q - 2 potions of flight {unknown}
Comestibles
 d - 4 bread rations
 n - 15 chunks of flesh
 r - a royal jelly


   Skills:
 - Level 2.4 Fighting
 - Level 2.4 Dodging
 - Level 2.4 Shields
 + Level 5.8 Unarmed Combat


You had 4 spell levels left.
You didn't know any spells.

Dungeon Overview and Level Annotations

Branches:
Dungeon (3/15)

Altars:


Innate Abilities, Weirdness & Mutations

You are too large for most types of armour.
You have claws for hands.
Your metabolism is lightning-fast.
You like to eat raw meat.
Your natural rate of healing is unusually fast.
You are covered in fur. (AC +1)
You have very tough skin. (AC +2)


Message History

You block the rat's attack.
Your shield prevents you from hitting the adder.
The adder closely misses you.
The jackal bites you but does no damage.
You block the rat's attack.
You mangle the adder!!
You kill the adder!
The jackal bites you. The rat bites you. The jackal bites you.
You completely miss the jackal. The jackal barely misses you.
You block the rat's attack.
You claw the jackal!
You kill the jackal!
The rat bites you but does no damage.
You scratch the rat.
The rat explodes!
The fiery explosion engulfs you!
Ouch! That really hurt!
* * * LOW HITPOINT WARNING * * *
You are engulfed in roaring flames.
You die...

.(██.█....≈≈≈≈≈≈ .
█....█.....P....
███(....██████.█
█.███........█ .
███.█ ██........ ███
. ....█....███....
..███████ █.....█ ██
█..██....█..
..██████
█..§§§.....███
.......█
██.@..████...███████
.......█
█.§█§....██.....§..
.......█
█..█████..██.r..██.
.......█


████ █%.██████.█..██.██. .......█..... ............█ █....
.......█..█████..████████...█████ ..........██.....██ ██.█ █
.......█████.███..█████ .. █ ███.█..█ █..........█ .. █ There were no monsters
in sight!

Vanquished Creatures
  Ijyb (D:2)
  Terence (D:2)
  Natasha (twice) (D:2)
  A gnoll (D:3)
  An adder (D:3)
  An ooze (D:1)
  2 worms (D:3)
  A dart slug (D:2)
  A leopard gecko (D:1)
  3 giant cockroaches
  9 hobgoblins
  13 jackals (D:3)
  3 quokkas
  A ball python (D:3)
  9 bats
  4 goblins (D:1)
  3 kobolds
  2 rats
58 creatures vanquished.

Notes
Turn   | Place    | Note
-------+----------+-------------------------------------------
     0 | D:1      | nht the Troll Fighter began the quest for the Orb.
     0 | D:1      | Reached XP level 1. HP: 22/22 MP: 0/0
    99 | D:1      | Reached XP level 2. HP: 29/29 MP: 1/1
   180 | D:1      | Reached skill level 3 in Unarmed Combat
   477 | D:2      | Noticed Natasha
   480 | D:2      | Noticed a crimson imp
   486 | D:2      | Killed Natasha
   486 | D:2      | Reached skill level 4 in Unarmed Combat
   486 | D:2      | Reached XP level 3. HP: 35/36 MP: 2/2
   608 | D:2      | Noticed Terence
   617 | D:2      | Killed Terence
   617 | D:2      | Reached XP level 4. HP: 37/44 MP: 3/3
   621 | D:2      | Noticed Ijyb
   637 | D:2      | Killed Ijyb
   639 | D:2      | Reached skill level 5 in Unarmed Combat
   800 | D:2      | Noticed Natasha
   801 | D:2      | Killed Natasha
   801 | D:2      | Reached XP level 5. HP: 50/50 MP: 4/4
  1334 | D:3      | Engulfed by a cloud of flame

Vault maps used:
D:1:      lightli_arrival_noodles, minmay_nonomino_d4
D:2:      uniq_natasha, uniq_terence, uniq_iyjb
D:3:      lemuel_castle_with_subvaults, first_bread

Skill      XL: |  1  2  3  4 |
---------------+-------------+-----
Unarmed Combat | 4 5 |  5.8
Fighting       | |  2.4
Dodging        | |  2.4
Shields        | |  2.4

Action                   |  1- 3 |  4- 6 || total
-------------------------+-------+-------++-------
Melee: Unarmed           |    74 |   112 ||   186
  Use: Scroll            |       |     5 ||     5
 Stab: Sleeping          |     1 |       ||     1
  Eat: Chunk             |    11 |     7 ||    18
Armor: Robe              |    31 |    41 ||    72
Dodge: Dodged            |    13 |    43 ||    56
Block: Shield            |    25 |    55 ||    80
